 Dungeon Crawl Stone Soup version 0.28.0-53-g5a82cb258f (console) character file.

Game seed: 13354986969274747968

139889 erker the Severer (level 16, -4/152 HPs)
             Began as a Deep Dwarf Fighter on June 17, 2022.
             Was the Champion of Makhleb.
             Slain by an emperor scorpion (16 damage)
             ... on level 3 of the Spider Nest on June 18, 2022.
             The game lasted 03:30:21 (28449 turns).

erker the Severer (Deep Dwarf Fighter)             Turns: 28449, Time: 03:30:21

Health: -4/152     AC: 38    Str: 31    XL:     16   Next: 74%
Magic:  13/13      EV: 13    Int: 11    God:    Makhleb [******]
Gold:   1763       SH: 15    Dex:  7    Spells: 15/15 levels left

rFire   + . .      SeeInvis +   S - +7 morningstar of Undoing {vorpal, rF+}
rCold   + . .      Faith    .   f - +0 kite shield {reflect}
rNeg    + . .      Spirit   .   h - +15 Maxwell's patent armour {-Cast -Tele rElec Will+ rCorr}
rPois   +          Reflect  +   (no helmet)
rElec   +          Harm     .   F - +2 cloak {rPois}
rCorr   +          Rampage  .   j - +0 pair of gloves
Will    +++++      NoTele   +   B - +1 pair of boots of Yredelemnul's Approval {Will+++ Str+5 Dex-5}
Stlth   .......... NoCast   +   L - amulet of reflection
HPRegen 0.00/turn               X - ring of see invisible
MPRegen 0.13/turn               I - +4 ring of evasion

@: studying Fighting, unable to read
A: damage resistance, heal wounds, negative energy resistance 1, sense
surroundings 2, no regeneration, cold resistance 1, strong-willed 1, inability
to read while threatened
a: Heal Wounds, Renounce Religion, Minor Destruction, Lesser Servant of Makhleb,
Major Destruction, Greater Servant of Makhleb


You were on level 3 of the Spider Nest.
You worshipped Makhleb.
Makhleb was exalted by your worship.
You visited 5 branches of the dungeon, and saw 28 of its levels.
You also visited: Sewer and Gauntlet.

You collected 3419 gold pieces.
You spent 1656 gold pieces at shops.

Inventory:

Hand Weapons
 a - a +2 vampiric hand axe
 q - a +2 flail of holy wrath
 H - a +4 scimitar of flaming
 S - the +7 morningstar of Undoing (weapon) {vorpal, rF+}
   (You took it off a minotaur in a Gauntlet)

   It inflicts extra damage upon your enemies.
   rF:        It protects you from fire.
Missiles
 b - 4 silver javelins
 o - 8 javelins
 w - 3 throwing nets
 y - 75 poisoned darts (quivered)
 K - 7 boomerangs
 Q - 7 atropa-tipped darts
 Y - 7 curare-tipped darts
Armour
 f - a +0 kite shield of reflection (worn)
 h - the +15 Maxwell's patent armour (worn) {-Cast -Tele rElec Will+ rCorr}
   (You acquired it on level 1 of the Lair of Beasts)

   rElec:     It insulates you from electricity.
   -Cast:     It prevents spellcasting.
   -Tele:     It prevents most forms of teleportation.
   rCorr:     It protects you from acid and corrosion.
   Will:      It increases your willpower.
 i - a scarf of resistance
 j - a +0 pair of gloves (worn)
 B - the +1 pair of boots of Yredelemnul's Approval (worn) {Will+++ Str+5 Dex-5}
   (You found it in a Gauntlet)

   Str:       It affects your strength (+5).
   Dex:       It affects your dexterity (-5).
   Will:      It greatly increases your willpower.
 F - a +2 cloak of poison resistance (worn)
Jewellery
 r - a +4 ring of protection
 D - a ring of fire
 I - a +4 ring of evasion (right hand)
 L - an amulet of reflection (around neck)
 R - a ring of protection from cold
 W - a ring of ice
 X - a ring of see invisible (left hand)
Wands
 e - a wand of acid (3)
 s - a wand of paralysis (5)
 t - a wand of mindburst (4)
 u - a wand of charming (1)
 E - a wand of iceblast (8)
 P - a wand of polymorph (19)
Scrolls
 n - a scroll of brand weapon {unknown}
 p - 2 scrolls of blinking
 v - 13 scrolls of teleportation
 x - 2 scrolls of enchant weapon {unknown}
 T - a scroll of amnesia
Potions
 c - a potion of cancellation
 d - 6 potions of might
 g - 9 potions of ambrosia
 k - a potion of haste {unknown}
 l - 4 potions of attraction
 m - 2 potions of invisibility
 z - 11 potions of curing
 C - 3 potions of heal wounds
 M - 3 potions of lignification
 N - a potion of berserk rage
 O - 2 potions of resistance
 U - a potion of flight {unknown}
Miscellaneous
 A - a lightning rod (4/4)
 G - a tin of tremorstones (2/2)


   Skills:
 + Level 12.1 Fighting
 - Level 19.4 Axes
 - Level 10.0 Throwing
 - Level 12.0 Armour
 - Level 12.0 Dodging
 - Level 12.0 Shields
 - Level 4.0 Invocations
 - Level 8.0 Evocations


You had 15 spell levels left.
You didn't know any spells.
Your spell library contained the following spells:

 Spells                   Type           Power      Damage    Failure   Level
 Corpse Rot               Necr/Air       0%         N/A       100%        2
 Poisonous Vapours        Pois/Air       0%         N/A       100%        2
 Scorch                   Fire           0%         2d5       100%        2
 Frozen Ramparts          Ice            0%         1d2       100%        3
 Flame Wave               Conj/Fire      0%         2d4       100%        4
 Ice Form                 Ice/Tmut       0%         N/A       100%        4
 Petrify                  Tmut/Erth      0%         N/A       100%        4
 Summon Ice Beast         Ice/Summ       0%         N/A       100%        4
 Blade Hands              Tmut           0%         N/A       100%        5
 Irradiate                Conj/Tmut      0%         3d13      100%        5
 Metabolic Englaciation   Hex/Ice        0%         N/A       100%        5
 Summon Mana Viper        Hex/Summ       0%         N/A       100%        5
 Conjure Ball Lightning   Conj/Air       0%         3x3d6     100%        6
 Statue Form              Tmut/Erth      0%         N/A       100%        6
 Summon Cactus Giant      Summ           0%         N/A       100%        6
 Dragon Form              Tmut           0%         N/A       100%        7
 Malign Gateway           Summ/Tloc      0%         N/A       100%        7
 Monstrous Menagerie      Summ           0%         N/A       100%        7
 Discord                  Hex            0%         N/A       100%        8
 Disjunction              Tloc           0%         N/A       100%        8
 Summon Horrible Things   Summ           0%         N/A       100%        8
 Chain Lightning          Conj/Air       0%         N/A       100%        9
 Fire Storm               Conj/Fire      0%         5d1       100%        9
 Shatter                  Erth           0%         3d5*      100%        9


Dungeon Overview and Level Annotations

Branches:
Dungeon (15/15)            Temple (1/1) D:6            Lair (6/6) D:11
 Shoals (0/4) Lair:3       Spider (4/4) Lair:2        Slime (0/5) Lair:6
    Orc (2/2) D:9             Elf (0/3) Orc:2        Vaults (0/5) D:14
 Depths (0/4) D:15          Sewer (visited)         Gauntlet (visited)

Altars:
Ashenzari
Cheibriados
Dithmenos
Elyvilon
Fedhas
Gozag
Hepliaklqana
Kikubaaqudgha
Makhleb
Nemelex Xobeh
Okawaru
Qazlal
Ru
Sif Muna
Trog
Uskayaw
Vehumet
Wu Jian
Xom
Yredelemnul
Zin
The Shining One
Jiyva

Shops:
Orc:2 [(:*

Portals:
Hell: Lair:6

Annotations:
D:4 3 runed translucent doors, xtzero's ghost, novice HOFi; zielscheibe's ghost, amateur DgFE
D:7 exclusion: oklob plant
D:10 exclusion: orange crystal statue
Spider:3 1 runed translucent door, Fartwhistle's ghost, adept DjFE


Innate Abilities, Weirdness & Mutations

You are resistant to damage.
You can heal yourself by infusing magical energy.
You resist negative energy. (rN+)
You passively map the area around you.
You do not regenerate.
Your flesh is cold resistant. (rC+)
You are strong-willed. (Will+)
You sometimes lose the ability to read scrolls when taking damage.


Message History

The emperor scorpion closely misses you. x2
The emperor scorpion claws you.
You hit the emperor scorpion.
The emperor scorpion is severely wounded.
The emperor scorpion stings you!
* * * LOW HITPOINT WARNING * * *
You are poisoned.
The emperor scorpion poisons you!
The emperor scorpion claws you but does no damage. x2
You block the emperor scorpion's attack.
The emperor scorpion claws you but does no damage. x2
You barely miss the emperor scorpion.
The emperor scorpion is severely wounded.
You feel extremely sick.
The emperor scorpion stings you but does no damage.
You block the emperor scorpion's attack. x2
You thump the emperor scorpion!
The emperor scorpion is almost dead.
You feel extremely sick.
The emperor scorpion stings you but does no damage.
You block the emperor scorpion's attack.
The emperor scorpion claws you but does no damage.
You hit the emperor scorpion.
The emperor scorpion is almost dead.
You feel extremely sick.
The emperor scorpion stings you but does no damage.
You block the emperor scorpion's attack.
The emperor scorpion claws you but does no damage.
You sock the emperor scorpion!
The emperor scorpion is almost dead.
You feel sick.
You block the emperor scorpion's attack. x2
The emperor scorpion claws you but does no damage.
You feel better. The emperor scorpion stings you!
You feel threatened and lose the ability to read scrolls!
* * * LOW HITPOINT WARNING * * *
You block the emperor scorpion's attack.
The emperor scorpion claws you but does no damage.
The emperor scorpion stings you!!
You die...

#..##..#..........#.......#.
#^..#......#.....#..#....^#.
##^.....#.#...##...#.#.#..#.
#.^.........##...#..^#....#.
###...#.#......#..#.#..#....
#....#...#.†#............#.
#^..###.#..#>.##...........
####...^..#s.^....#......#.
###..<..@##...#....##.^..
###....##^.....#..#........
#^....#.....#.##.^..#####..
##.#...#^#........[.##[##..
####........#....#.#...#..
#..#..#...##.....#...#..
###.........†.#####...##)
#........#.#..##......#..
#..#..#...#...#[.....^)..


You could see an emperor scorpion.

Vanquished Creatures
  Rupert (D:13)
  Donald (Orc:2)
  3 emperor scorpions
  An orc warlord (Orc:2)
  3 ghost moths
  Aizul (Spider:2)
  A stone giant (Orc:2)
  A broodmother (Spider:2)
  Nessos (D:13)
  A minotaur (Gauntlet)
  Snorg (Orc:2)
  3 ettins (Orc:2)
  A rakshasa (D:12)
  7 hydras
  A radroach (Spider:2)
  4 boulder beetles
  2 centaur warriors
  4 catoblepae
  7 dancing weapons (Spider:3)
  A jorogumo (Spider:3)
  7 two-headed ogres
  10 death yaks
  A tengu warrior (D:13)
  An orc high priest (Orc:2)
  Nergalle (Lair:3)
  A sixfirhy (Lair:6)
  2 pharaoh ants
  A fire crab (Lair:6)
  A sun moth (Spider:2)
  A deep elf archer (Orc:2)
  5 orb spiders (Spider:1)
  3 wizards
  9 steelbarb worms
  Pikel (D:7)
  3 deep elf pyromancers
  6 ugly things (D:14)
  An oklob plant (Gauntlet)
  10 wolf spiders
  A necromancer (D:14)
  3 moths of wrath
  12 cyclopes
  2 orc sorcerers (Orc:2)
  2 manticores (D:12)
  A merfolk siren (Lair:3)
  A centaur zombie (D:10)
  12 black mambas
  4 elephants (Lair:6)
  3 torpor snails
  Maurice (D:12)
  A guardian serpent (D:11)
  4 gargoyles
  An orange demon (Lair:6)
  13 cane toads
  2 unseen horrors
  5 demonic crawlers
  8 rime drakes
  A kobold demonologist (D:11)
  12 komodo dragons
  An efreet (D:14)
  4 ice devils
  A hellwing (Lair:6)
  5 trolls
  2 merfolk (Lair:3)
  A red devil (Lair:6)
  2 polar bears
  A wolf spider simulacrum (D:13)
  6 meliai
  A troll (shapeshifter) (D:14)
  A queen bee (Lair:4)
  27 tarantellas
  A tarantella (shapeshifter) (D:14)
  3 slime creatures (D:12)
  23 blink frogs
  3 dream sheep (Lair:5)
  11 flying skulls (Gauntlet)
  9 culicivoras
  18 jumping spiders
  A shadow (D:12)
  Sigmund (D:5)
  5 wyverns
  4 wraiths
  7 basilisks
  2 vampires
  49 yaks
  Eustachio (D:5)
  25 redbacks
  Menkaure (D:5)
  16 vampire mosquitoes
  2 steam dragons
  4 wargs (Orc:2)
  3 hell hounds (Lair:6)
  An acid dragon (Gauntlet)
  15 water moccasins
  Pargi (D:3)
  A sky beast (D:6)
  A black bear (D:4)
  4 necrophages
  18 orc warriors
  11 wolves
  4 boggarts (D:13)
  5 ogres
  7 centaurs
  A phantom (D:7)
  A lemure (D:6)
  22 kobold brigands (D:11)
  7 bullfrogs
  3 scorpions
  2 water moccasin zombies (D:6)
  A gnoll sergeant (D:7)
  A water moccasin skeleton (D:5)
  36 killer bees
  3 howler monkeys
  A crimson imp (D:10)
  21 orc priests
  A bullfrog skeleton (D:5)
  2 gnoll shamans
  2 hounds
  3 jellies (Sewer)
  A centaur skeleton (D:6)
  3 iguanas
  18 orc wizards
  A hound skeleton (D:4)
  A howler monkey skeleton (D:7)
  Robin (D:3)
  A howler monkey zombie (D:10)
  17 gnolls
  2 river rats (Sewer)
  5 adders
  4 white imps (Gauntlet)
  An adder skeleton (D:4)
  4 worms
  3 dart slugs
  48 orcs
  12 ball pythons
  4 bats
  10 endoplasms
  9 giant cockroaches
  16 goblins
  5 hobgoblins
  4 jackals (D:3)
  2 quokkas (D:1)
  11 frilled lizards
  13 kobolds
  6 rats
816 creatures vanquished.

Vanquished Creatures (collateral kills)
  An ice devil (Lair:6)
  A merfolk (Lair:3)
  A hell hound (Lair:6)
  2 orcs (D:13)
5 creatures vanquished.

Vanquished Creatures (others)
  A blink frog (Lair:1)
  A yak (Lair:2)
  A water moccasin (Lair:6)
  A centaur (D:8)
  An orc wizard (D:5)
  51 fungi
  43 plants
  A withered plant (Gauntlet)
100 creatures vanquished.

Grand Total: 921 creatures vanquished

Notes
Turn   | Place    | Note
-------+----------+-------------------------------------------
     0 | D:1      | erker the Deep Dwarf Fighter began the quest for the Orb.
     0 | D:1      | Reached XP level 1. HP: 20/20 MP: 1/1
   156 | D:1      | Reached skill level 3 in Axes
   213 | D:1      | Reached XP level 2. HP: 6/27 MP: 2/2
   800 | D:2      | You fall into a shaft and drop 1 floor!
   856 | D:3      | Reached XP level 3. HP: 18/33 MP: 3/3
   870 | D:3      | Reached skill level 1 in Throwing
   882 | D:3      | Noticed Robin
   892 | D:3      | Killed Robin
   893 | D:3      | Reached skill level 4 in Axes
  1079 | D:3      | Noticed an ogre
  1420 | D:2      | Reached XP level 4. HP: 14/40 MP: 4/4
  1560 | D:2      | Found a faded altar of an unknown god.
  1984 | D:4      | Noticed a scorpion
  1996 | D:4      | Killed a scorpion
  1997 | D:4      | Reached XP level 5. HP: 36/46 MP: 4/4
  2031 | D:4      | Found a runed translucent gate.
  2046 | D:4      | Found a runed translucent gate.
  2046 | D:4      | Found a runed translucent gate.
  2047 | D:4      | Noticed xtzero's ghost (novice HOFi)
  2047 | D:4      | Noticed zielscheibe's ghost (amateur DgFE)
  2362 | D:4      | Noticed a black bear
  2364 | D:4      | Noticed an ogre
  2371 | D:5      | Entered Level 5 of the Dungeon
  2444 | D:3      | Noticed Pargi
  2462 | D:3      | Killed Pargi
  2463 | D:3      | Reached skill level 1 in Dodging
  2463 | D:3      | Reached XP level 6. HP: 39/55 MP: 5/5
  3006 | D:4      | Reached XP level 7. HP: 35/61 MP: 6/6
  3385 | D:5      | Noticed a troll
  3671 | D:5      | Noticed Menkaure
  3686 | D:5      | Killed Menkaure
  3687 | D:5      | Reached skill level 5 in Axes
  3804 | D:5      | Reached skill level 6 in Axes
  3810 | D:5      | Reached XP level 8. HP: 31/69 MP: 7/7
  3836 | D:5      | Noticed Sigmund
  3850 | D:5      | Killed Sigmund
  3851 | D:5      | Reached skill level 5 in Throwing
  4316 | D:5      | Noticed Eustachio
  4356 | D:5      | Killed a troll
  4357 | D:5      | Reached skill level 7 in Axes
  4382 | D:5      | Killed Eustachio
  4499 | D:5      | Found a hazy altar of Hepliaklqana.
  4600 | D:6      | Reached skill level 8 in Axes
  4670 | D:6      | Reached skill level 5 in Armour
  4784 | D:6      | Gained mutation: You passively map the area around you.
                  | [Deep Dwarf growth]
  4784 | D:6      | Reached XP level 9. HP: 42/75 MP: 8/8
  4943 | D:6      | Found a glowing drain.
  4969 | Sewer    | Entered a sewer
  5142 | Sewer    | Found a viscous altar of Jiyva.
  5348 | D:6      | Found a staircase to the Ecumenical Temple.
  5357 | Temple   | Entered the Ecumenical Temple
  5865 | D:7      | Reached skill level 9 in Axes
  6257 | D:7      | Noticed Pikel
  6630 | D:7      | Killed Pikel
  6631 | D:7      | Reached skill level 10 in Axes
  6755 | D:7      | Found a blossoming altar of Fedhas.
  6774 | D:7      | Noticed an oklob plant
  7014 | D:8      | Reached XP level 10. HP: 84/84 MP: 9/9
  7317 | D:8      | Found a white marble altar of Elyvilon.
  7322 | D:8      | Found a sacrificial altar of Ru.
  7326 | D:8      | Found a basalt altar of Yredelemnul.
  7328 | D:8      | Found a sparkling altar of Nemelex Xobeh.
  7330 | D:8      | Found an opulent altar of Gozag.
  7333 | D:8      | Found a bloodstained altar of Trog.
  7337 | D:8      | Found a broken altar of Ashenzari.
  7623 | D:9      | Found a staircase to the Orcish Mines.
  7684 | D:10     | Entered Level 10 of the Dungeon
  7873 | D:10     | Found a burning altar of Makhleb.
  7874 | D:10     | Found a radiant altar of Vehumet.
  7898 | D:10     | Became a worshipper of Makhleb the Destroyer
  7962 | D:10     | Noticed a gargoyle
  7995 | D:10     | Gained mutation: You sometimes lose the ability to read
                  | scrolls when taking damage. [potion of mutation]
  7995 | D:10     | Gained mutation: You are strong-willed. (Will+) [potion of
                  | mutation]
  7995 | D:10     | Gained mutation: Your flesh is cold resistant. (rC+)
                  | [potion of mutation]
  8015 | D:10     | Killed a gargoyle
  8016 | D:10     | Reached skill level 5 in Fighting
  8367 | D:10     | Noticed a two-headed ogre
  8378 | D:10     | Killed a two-headed ogre
  8467 | D:10     | Noticed an orange crystal statue
  8496 | D:10     | Reached skill level 5 in Dodging
  8983 | D:9      | Reached XP level 11. HP: 54/94 MP: 10/10
  9010 | D:9      | Noticed a skeletal warrior
  9264 | D:9      | Noticed a boulder beetle
  9308 | D:9      | Killed a boulder beetle
  9341 | D:9      | Reached * piety under Makhleb
  9743 | D:11     | Found a staircase to the Lair.
  9943 | D:11     | Reached skill level 11 in Axes
 10037 | D:11     | Reached ** piety under Makhleb
 10071 | D:11     | Reached skill level 12 in Axes
 10361 | D:11     | Found the +18 Lear's hauberk
 10396 | D:11     | Noticed a two-headed ogre
 10427 | D:11     | Killed a two-headed ogre
 10789 | D:12     | Found a gate leading to a gauntlet.
 10794 | D:12     | Noticed a two-headed ogre
 10813 | D:12     | Killed a two-headed ogre
 10866 | Gauntlet | Entered a Gauntlet
 10866 | Gauntlet | Found a transporter.
 10866 | Gauntlet | Found a transporter.
 10871 | Gauntlet | Found a transporter.
 10882 | Gauntlet | Found a transporter.
 10889 | Gauntlet | Noticed a death scarab
 10897 | Gauntlet | Found a transporter.
 10916 | Gauntlet | Found a transporter.
 10928 | Gauntlet | Found a transporter.
 10931 | Gauntlet | Noticed a wizard
 10939 | Gauntlet | Noticed a wizard
 10947 | Gauntlet | Found a transporter.
 11021 | Gauntlet | Found a transporter.
 11034 | Gauntlet | Found a transporter.
 11035 | Gauntlet | Found a transporter.
 11039 | Gauntlet | Found a transporter.
 11054 | Gauntlet | Noticed a shining eye
 11093 | Gauntlet | Found a transporter.
 11110 | Gauntlet | Noticed an oklob plant
 11111 | Gauntlet | Found a transporter.
 11125 | Gauntlet | Found a transporter.
 11145 | Gauntlet | Found a transporter.
 11454 | Gauntlet | Killed an oklob plant
 11508 | Gauntlet | Reached skill level 10 in Armour
 11508 | Gauntlet | Reached skill level 1 in Invocations
 11508 | Gauntlet | Reached XP level 12. HP: 105/105 MP: 9/11
 11653 | Gauntlet | Reached *** piety under Makhleb
 11663 | Gauntlet | Identified the +1 pair of boots of Yredelemnul's Approval
                  | {Will+++ Str+5 Dex-5}
 11798 | Gauntlet | Identified the +7 morningstar of Undoing {vorpal, rF+}
 11798 | Gauntlet | Noticed a minotaur
 11823 | Gauntlet | Killed a minotaur
 11907 | D:12     | Noticed a two-headed ogre
 11927 | D:12     | Killed a two-headed ogre
 11968 | D:12     | Noticed a rakshasa
 12118 | Lair:1   | Entered Level 1 of the Lair of Beasts
 12149 | Lair:1   | Reached skill level 13 in Axes
 12209 | Lair:1   | Identified a scroll of acquirement
 12210 | Lair:1   | Acquired the +15 Maxwell's patent armour {-Cast -Tele rElec
                  | Will+ rCorr}
 12210 | Lair:1   | Found the +15 Maxwell's patent armour {-Cast -Tele rElec
                  | Will+ rCorr}
 12285 | Lair:1   | You fall into a shaft and drop 1 floor!
 12372 | Lair:2   | Noticed a five-headed hydra
 12391 | Lair:2   | Killed a five-headed hydra
 12497 | Lair:2   | Reached skill level 14 in Axes
 13029 | Lair:2   | Found a hole to the Spider Nest.
 13357 | Lair:2   | Noticed a death yak
 13389 | Lair:2   | Killed a death yak
 14235 | Lair:3   | Found a staircase to the Shoals.
 14267 | Lair:3   | Reached **** piety under Makhleb
 14310 | Lair:3   | Reached XP level 13. HP: 117/117 MP: 12/12
 14444 | Lair:3   | Noticed Nergalle
 14461 | Lair:3   | Killed Nergalle
 15257 | Lair:4   | Identified the +2 robe of Birdsong {+Inv rPois Dex-3
                  | Slay+4}
 15276 | Lair:4   | Reached skill level 10 in Throwing
 15487 | Lair:4   | Reached ***** piety under Makhleb
 16125 | Lair:1   | Reached skill level 15 in Axes
 17021 | Lair:5   | Reached skill level 16 in Axes
 17056 | Lair:5   | Reached skill level 5 in Evocations
 17597 | Lair:5   | Gained mutation: You resist negative energy. (rN+) [Deep
                  | Dwarf growth]
 17597 | Lair:5   | Reached XP level 14. HP: 126/126 MP: 13/13
 18041 | Lair:6   | Entered Level 6 of the Lair of Beasts
 18041 | Lair:6   | Found a staircase to the Slime Pits.
 18041 | Lair:6   | Found a viscous altar of Jiyva.
 18341 | Lair:6   | Reached skill level 10 in Fighting
 18559 | Lair:6   | Reached ****** piety under Makhleb
 18574 | Lair:6   | Reached skill level 10 in Shields
 18850 | Lair:6   | Found a burning altar of Makhleb.
 18933 | Lair:6   | Reached skill level 17 in Axes
 18982 | Lair:6   | Found a gateway to Hell.
 19721 | Orc:1    | Entered Level 1 of the Orcish Mines
 19840 | Orc:2    | Entered Level 2 of the Orcish Mines
 19913 | Orc:2    | Noticed a stone giant
 19940 | Orc:2    | Killed a stone giant
 19963 | Orc:2    | Found Cuocaimni's Book Shop.
 19984 | Orc:2    | Noticed Snorg
 20036 | Orc:2    | Found a staircase to the Elven Halls.
 20108 | Orc:2    | Killed Snorg
 20164 | Orc:2    | Found Kasasierev's General Store.
 20359 | Orc:2    | Reached XP level 15. HP: 58/138 MP: 14/14
 20518 | Orc:2    | Found Haemm's Antique Weapon Shoppe.
 20531 | Orc:2    | Found Iloez's Antique Armour Emporium.
 20548 | Orc:2    | Reached skill level 18 in Axes
 20761 | Orc:2    | Noticed Donald
 20781 | Orc:2    | Killed Donald
 20852 | Orc:2    | Identified the +1 chain mail of the Eight Boll Weevils
                  | {rF++}
 20975 | Orc:2    | Noticed an orc warlord
 20989 | Orc:2    | Killed an orc warlord
 21426 | Orc:2    | Bought a runed scarf for 200 gold pieces
 21553 | Orc:2    | Bought an ancient plate armour for 700 gold pieces
 21553 | Orc:2    | Identified the +1 plate armour of Visodeon {rF+ Dex+2} (You
                  | bought it in a shop on level 2 of the Orcish Mines)
 21609 | Orc:2    | Bought a scroll of acquirement for 728 gold pieces
 21609 | Orc:2    | Bought a scroll of identify for 28 gold pieces
 22140 | D:12     | Found the ring of the Mage {Wiz Archmagi}
 22672 | D:12     | Noticed Maurice
 22701 | D:12     | Killed Maurice
 22872 | D:13     | Noticed Rupert
 22906 | D:13     | Killed Rupert
 23161 | D:13     | Noticed Nessos
 23176 | D:13     | Killed Nessos
 24276 | D:14     | Found a broken altar of Ashenzari.
 24323 | D:14     | Reached skill level 10 in Dodging
 24382 | D:14     | Found a gate to the Vaults.
 24664 | D:15     | Entered Level 15 of the Dungeon
 24665 | D:15     | Acquired 1076 gold pieces
 24818 | Spider:1 | Entered Level 1 of the Spider Nest
 24843 | Spider:1 | Noticed an emperor scorpion
 24922 | Lair:2   | Killed an emperor scorpion
 24927 | Spider:1 | Noticed an emperor scorpion
 25049 | Lair:2   | Killed an emperor scorpion
 25263 | Spider:1 | Reached XP level 16. HP: 146/146 MP: 15/15
 26532 | Spider:2 | Noticed Aizul
 26619 | Spider:2 | Killed Aizul
 27660 | Spider:3 | Found a runed translucent door.
 27671 | Spider:3 | Noticed Fartwhistle's ghost (adept DjFE)
 27697 | Spider:3 | Found a runed translucent door.
 27703 | Spider:3 | Identified the +3 leather armour "Cuytohasm" {rN+}
 28041 | Spider:3 | Reached skill level 19 in Axes
 28089 | Spider:3 | Identified the +3 ring mail "Mobi" {-Cast Rampage rN++}
 28246 | Spider:3 | Identified the +4 ring mail of the Loofah {+Inv rCorr SInv}
 28306 | Spider:4 | Entered Level 4 of the Spider Nest
 28307 | Spider:4 | Acquired a manual of Fighting
 28449 | Spider:3 | Slain by an emperor scorpion

Illustrated notes

Levels and vault maps discovered:
D:1:      dpeg_arrival_orchard, layout_loops_ring
D:2:      layout_loops_corners, dreamdust_ecumenical_altar_hidden_monk_grotto,
          minmay_tetromino_o2
D:3:      layout_loops_corners, uniq_pargi, uniq_robin
D:4:      layout_basic, gammafunk_ghost_cemetery
D:5:      layout_loops_cross, nicolae_hepliaklqana_hippocampus, uniq_menkaure,
          uniq_sigmund, uniq_eustachio
D:6:      layout_rooms, temple_statues, portal_sewer_entry_a,
          hangedman_decor_points
D:7:      layout_loops_cross, tgw_fedhas, kennysheep_generic_room_14, uniq_pikel
D:8:      layout_rooms, nicolae_overflow_hallway_of_the_gods
D:9:      layout_gridville, orc_david_3, serial_park_tiny_pond, nicolae_wwwww
D:10:     layout_long_grid, grunt_temple_overflow_lords_of_destruction,
          minivault_16
D:11:     layout_roguey [special_room_kobold], lair_entry_dummy,
          nicolae_two_hexagons
D:12:     layout_loops_ring, gauntlet_entry_generic, st_stairs_7,
          fake_guardian_serpent_vault, uniq_maurice
D:13:     layout_loops_ring, uniq_nessos, uniq_rupert
D:14:     layout_cave_pools, david_vaults_1, nicolae_ashenzari_panopticon,
          patterned_corridor
D:15:     hangedman_depths_entry_civil_slaughter, layout_irregular_city,
          roderic_malta_cross
Temple:   pf_slime_end_temple
Lair:1:   layout_regular_city, grunt_megastairs_2
Lair:2:   layout_layer_cave, spider_nest_entry_a
Lair:3:   layout_hall_layers, elwin_shoals_entry_stream, uniq_nergalle
Lair:4:   layout_roguey [special_room_bee]
Lair:5:   nzn_winding_woodlands_three_and_one
          [nzn_winding_woodlands_5x15_default,
          nzn_winding_woodlands_5x15_garden, nzn_winding_woodlands_5x15_crooked,
          nzn_winding_woodlands_center_pierced_h], layout_cave_pods
Lair:6:   evil_forest, layout_misc_corridors, slime_altar_1,
          infiniplex_staircase_pool_2
Spider:1: layout_spider_delve, nicolae_spider_moth_buddies
Spider:2: layout_spider_delve, uniq_aizul
Spider:3: cheibrodos_spider_deadly_dance, ebering_ghost_inner_flame
Spider:4: grunt_spider_rune_parallel, uniq_arachne
Orc:1:    layout_diamond_mine, uniq_erica, uniq_fannar
Orc:2:    grunt_orc_gardens, layout_caves, grunt_orc_garden, grunt_orc_garden,
          grunt_orc_garden, grunt_orc_garden, elf_legates, uniq_snorg,
          uniq_donald

Skill      XL: |  1  2  3  4  5  6  7  8  9 10 11 12 13 14 15 16 |
---------------+-------------------------------------------------+-----
Axes           | 3 4 6 8 10 12 14 16 17 18 19 | 19.4
Throwing       | 2 3 4 5 6 8 10 | 10.0
Armour         | 4 6 8 10 12 | 12.0
Dodging        | 1 4 6 8 11 12 | 12.0
Shields        | 4 6 8 10 12 | 12.0
Evocations     | 2 4 8 |  8.0
Fighting       | 3 5 6 8 10 12 | 12.1
Invocations    | 1 4 |  4.0

Action                   |  1- 3 |  4- 6 |  7- 9 | 10-12 | 13-15 | 16-18 || total
-------------------------+-------+-------+-------+-------+-------+-------++-------
Melee: War axe           |    94 |       |       |       |       |       ||    94
       Hand axe          |       |    88 |   418 |  1358 |  2717 |  1115 ||  5696
       Dagger            |       |     6 |    42 |    19 |       |       ||    67
       Morningstar       |       |       |       |     5 |    51 |    13 ||    69
       Flail             |       |       |       |       |    16 |       ||    16
Throw: Boomerang         |    49 |    24 |    51 |    15 |     5 |       ||   144
       Dart              |       |    11 |    14 |    92 |    52 |     3 ||   172
       Javelin           |       |       |    11 |    20 |    42 |       ||    73
Invok: Lesser Servant of |       |       |       |     1 |     2 |       ||     3
 Abil: Heal Wounds       |     1 |     1 |     7 |    10 |     2 |     2 ||    23
Evoke: Wand              |       |       |     1 |     5 |    10 |     2 ||    18
       Lightning rod     |       |       |       |       |     4 |       ||     4
       Tin of tremorston |       |       |       |       |     1 |       ||     1
  Use: Scroll            |       |       |     5 |    12 |     2 |     1 ||    20
       Potion            |       |       |     1 |     7 |     8 |     4 ||    20
 Stab: Invisible         |       |       |       |     5 |     7 |       ||    12
       Distracted        |       |       |       |     2 |       |       ||     2
       Petrified         |       |       |       |       |    15 |       ||    15
       Petrifying        |       |       |       |       |     4 |       ||     4
Armor: Scale mail        |    42 |    56 |   113 |   241 |       |       ||   452
       Skin              |       |       |    52 |     7 |       |       ||    59
       Chain mail        |       |       |       |   139 |       |       ||   139
       Plate armour      |       |       |       |   147 |  1506 |   769 ||  2422
Dodge: Dodged            |    33 |    45 |   227 |   708 |  1361 |   514 ||  2888
Block: Buckler           |    23 |    22 |    86 |   335 |   378 |       ||   844
       Reflection        |       |       |       |     3 |    12 |     4 ||    19
       Kite shield       |       |       |       |       |   802 |   993 ||  1795
